Match 31960927
Unlisted

Match 31960927
End
Kettenkrad Recon Vehicle
Construct Infanterie Kompanie
Grenadier Squad
MG 42 Machine Gun Team
Grenadier Squad
Selects Luftwaffe Battlegroup
Construct Panzergrenadier Kompanie
Selects Reconnaissance Run
Selects Luftwaffe Pioneer Support
Medical Bunker
Selects Fallschirmjäger Squad Paradrop
Fallschirmjäger Squad Paradrop
Construct Panzer Kompanie
Fallschirmjäger Squad Paradrop
Panzer IV Medium Tank
Selects Stuka Loiter
Selects Stuka Loiter
Panzer IV Medium Tank
Selects Flak 38 Anti-Air Emplacement
Catboy Supremacy
[EASY] CLUBs37
hexxcode
[Freikorps] Niveus
CantCNC
Maksous
pa_zz
NoCommentary
0
0

Comments sign in to comment!

No comments posted yet!